 Dungeon Crawl Stone Soup version 0.27-a0-223-ge082b6e869 (webtiles) character file.

Game seed: 18042263024182639156

303511 KristoblXynda the Fencer (level 20, -10/147 HPs)
             Began as a Demonspawn Gladiator on Feb 1, 2021.
             Was the Champion of Cheibriados.
             Killed from afar by a frost giant (64 damage)
             ... with a bolt of cold
             ... on level 1 of the Depths.
             The game lasted 01:28:37 (42352 turns).

KristoblXynda the Fencer (Demonspawn Gladiator)    Turns: 42352, Time: 01:28:38

Health: -10/147    AC: 34    Str: 41    XL:     20   Next: 24%
Magic:  28/28      EV: 40    Int: 38    God:    Cheibriados [******]
Gold:   5371       SH: 15    Dex: 39    Spells: 13/19 levels left

rFire    . . .     SeeInvis .   s - +4 scimitar (flame)
rCold    . . .     Faith    .   A - +6 buckler of Ysij {Dex+2}
rNeg     . . .     Spirit   .   G - +6 plate armour "Othaa" {Str+4 Dex+3}
rPois    .         Reflect  .   c - +2 helmet
rElec    .         Harm     .   L - +1 cloak of Faneol {Dex+3 Slay+3}
rCorr    .         Rampage  .   (gloves unavailable)
Will     ++...                  w - +2 pair of boots {Fly}
Stlth    ..........             a - amulet of the acrobat
HPRegen  0.34/turn              D - ring of Senoph {Str+7 Int+6}
MPRegen  0.21/turn              b - ring of willpower

@: acrobat, flying, very slow
A: claws 3, powered by death 2, spiny 3, sturdy frame 1
}: 2/15 runes: barnacled, gossamer
a: Stop Flying, Renounce Religion, Bend Time, Temporal Distortion, Slouch, Step
From Time


You were on level 1 of the Depths.
You worshipped Cheibriados.
Cheibriados was exalted by your worship.
You visited 7 branches of the dungeon, and saw 35 of its levels.
You also visited: Ossuary, Gauntlet and Volcano.

You collected 6132 gold pieces.
You spent 761 gold pieces at shops.

Inventory:

Hand Weapons
 s - a +4 scimitar of flaming (weapon)
 x - a +5 scimitar of freezing
Missiles
 d - 9 throwing nets (quivered)
Armour
 c - a +2 helmet (worn)
 w - a +2 pair of boots of flying (worn)
 A - the +6 buckler of Ysij (worn) {Dex+2}
   (You bought it in a shop on level 2 of the Orcish Mines)

   It affects your dexterity (+2).
 G - the +6 plate armour "Othaa" (worn) {Str+4 Dex+3}
   (You found it on level 9 of the Dungeon)

   It affects your strength (+4).
   It affects your dexterity (+3).
 L - the +1 cloak of Faneol (worn) {Dex+3 Slay+3}
   (You acquired it on level 2 of the Shoals)

   It affects your dexterity (+3).
   It affects your accuracy and damage with ranged weapons and melee attacks
   (+3).
Jewellery
 a - an amulet of the acrobat (around neck)
 b - a ring of willpower (right claw)
 D - the ring of Senoph (left claw) {Str+7 Int+6}
   (You took it off a centaur on level 11 of the Dungeon)

   [ring of intelligence]

   It affects your strength (+7).
   It affects your intelligence (+6).
 O - a +6 ring of strength
Wands
 g - a wand of digging (9)
 n - a wand of iceblast (6)
 J - a wand of acid (20)
 K - a wand of paralysis (10)
 U - a wand of mindburst (29)
Scrolls
 i - 5 scrolls of magic mapping
 j - 27 scrolls of remove curse
 l - 12 scrolls of identify
 o - 7 scrolls of amnesia
 p - 6 scrolls of immolation
 u - 10 scrolls of teleportation
 y - 6 scrolls of enchant weapon
 B - 2 scrolls of fear
 I - 6 scrolls of fog
Potions
 e - 3 potions of heal wounds
 f - 8 potions of mutation
 h - 4 potions of resistance
 k - 3 potions of invisibility
 m - 9 potions of brilliance
 q - 5 potions of flight
 r - 6 potions of curing
 t - 4 potions of attraction
 v - 12 potions of ambrosia
 z - 4 potions of cancellation
 F - 5 potions of might
Miscellaneous
 E - a box of beasts (inert)
 H - a lightning rod (4/4)
 N - a condenser vane
 P - a tin of tremorstones (2/2)
 V - a phantom mirror


   Skills:
 - Level 10.0 Fighting
 + Level 17.6 Long Blades
 - Level 2.0 Throwing
 + Level 17.2 Armour
 - Level 12.7 Dodging
 - Level 5.6 Shields
 + Level 12.9 Transmutations
 + Level 10.8 Invocations
 - Level 10.0 Evocations


You had 13 spell levels left.
You knew the following spells:

 Your Spells              Type           Power        Failure   Level
a - Wereblood             Tmut           78%          1%          2
b - Petrify               Tmut/Erth      49%          10%         4

Your spell library contained the following spells:

 Spells                   Type           Power        Failure   Level
 Beastly Appendage        Tmut           100%         1%          1
 Passwall                 Tmut/Erth      40%          1%          2
 Blade Hands              Tmut           39%          1%          5
 Spider Form              Tmut/Pois      24%          3%          3
 Ignite Poison            Fire/Tmut/Pois 32%          8%          3
 Ice Form                 Ice/Tmut       49%          10%         4
 Hydra Form               Tmut           39%          11%         6
 Animate Skeleton         Necr           0%           14%         1
 Apportation              Tloc           0%           14%         1
 Corona                   Hex            0%           14%         1
 Freeze                   Ice            0%           14%         1
 Magic Dart               Conj           0%           14%         1
 Sandblast                Erth           0%           14%         1
 Shock                    Conj/Air       0%           14%         1
 Summon Small Mammal      Summ           0%           14%         1
 Blink                    Tloc           N/A          22%         2
 Call Imp                 Summ           0%           22%         2
 Ensorcelled Hibernation  Hex/Ice        0%           22%         2
 Slow                     Hex            0%           22%         2
 Swiftness                Air            0%           22%         2
 Alistair's Intoxication  Tmut/Pois      32%          28%         5
 Irradiate                Conj/Tmut      24%          28%         5
 Yara's Violent Unravell  Hex/Tmut       24%          28%         5
 Call Canine Familiar     Summ           0%           38%         3
 Confusing Touch          Hex            0%           38%         3
 Conjure Flame            Conj/Fire      0%           38%         3
 Dazzling Flash           Conj/Hex       0%           38%         3
 Frozen Ramparts          Ice            0%           38%         3
 Gell's Gravitas          Tloc           0%           38%         3
 Inner Flame              Hex/Fire       0%           38%         3
 Lesser Beckoning         Tloc           0%           38%         3
 Mephitic Cloud           Conj/Pois/Air  0%           38%         3
 Ozocubu's Armour         Ice            0%           38%         3
 Portal Projectile        Hex/Tloc       0%           38%         3
 Static Discharge         Conj/Air       0%           38%         3
 Stone Arrow              Conj/Erth      0%           38%         3
 Summon Guardian Golem    Hex/Summ       0%           38%         3
 Tukima's Dance           Hex            0%           38%         3
 Dragon Form              Tmut           39%          52%         7
 Airstrike                Air            0%           80%         4
 Cause Fear               Hex            0%           80%         4
 Hailstorm                Conj/Ice       0%           80%         4
 Leda's Liquefaction      Hex/Erth       0%           80%         4
 Passage of Golubria      Tloc           N/A          80%         4
 Summon Ice Beast         Ice/Summ       0%           80%         4
 Summon Lightning Spire   Summ/Air       0%           80%         4
 Statue Form              Tmut/Erth      32%          83%         6
 Lee's Rapid Deconstruct  Erth           0%           98%         5
 Lightning Bolt           Conj/Air       0%           98%         5
 Metabolic Englaciation   Hex/Ice        0%           98%         5
 Invisibility             Hex            0%           100%        6
 Malign Gateway           Summ/Tloc      0%           100%        7


Dungeon Overview and Level Annotations

Branches:
Dungeon (15/15)            Temple (1/1) D:7            Lair (6/6) D:11
 Shoals (4/4) Lair:2       Spider (4/4) Lair:3        Slime (0/5) Lair:5
    Orc (2/2) D:10            Elf (0/3) Orc:2        Vaults (0/5) D:14
 Depths (3/5) D:15        Ossuary (visited)         Volcano (visited)
Gauntlet (visited)

Altars:
Ashenzari
Cheibriados
Dithmenos
Elyvilon
Fedhas
Gozag
Hepliaklqana
Kikubaaqudgha
Makhleb
Nemelex Xobeh
Okawaru
Qazlal
Ru
Sif Muna
Trog
Uskayaw
Vehumet
Wu Jian
Xom
Yredelemnul
Zin
The Shining One
Beogh
Jiyva

Shops:
Orc:2 =(:[   Depths:2 =}}

Portals:
Hell: Depths:1 Depths:2 Depths:3
Abyss: Depths:1
Pandemonium: Depths:3
Ziggurat: Depths:3
Trove: D:12 (give +5 demon whip)

Annotations:
D:3 1 runed translucent door, Zero's ghost, amateur KoEn
D:6 exclusion: oklob plant
Depths:1 exclusion: orange crystal statue


Innate Abilities, Weirdness & Mutations

You have claws for hands.
You regenerate health from kills.
You are completely covered in sharp spines.
Your movements are slightly less encumbered by armour. (ER -2)


Message History

The frost giant gestures at you while chanting.
The bolt of cold misses you. x2
Your mature firebat beast hits the frost giant.
Your mature firebat beast hits the frost giant but does no damage.
The frost giant hits your mature firebat beast with a +2 battleaxe of freezing!!
The frost giant freezes your mature firebat beast!
Your mature firebat beast barely misses the frost giant.
The frost giant hits your mature firebat beast with a +2 battleaxe of freezing!!!
The frost giant freezes your mature firebat beast.
Your mature firebat beast dies!
Your mature firebat beast's corpse disappears in a puff of smoke!
Unknown command.
You are already wielding that!
Unknown command.
Your +5 scimitar of freezing stops glowing.
Your +4 scimitar of flaming bursts into flame!
s - a +4 scimitar of flaming (weapon)
The frost giant points at you and mumbles some strange words.
The bolt of cold misses you. The bolt of cold hits you!!!
You die...

#...##...#.....###..##..##....#.
######.......#####..####.....#..
##≈§###.......##.....##....#..#..
.##.≈≈#.......##.###.........#...
∩.'...#....#...#....#.#......#...
.##.....###########....##...#..>.
'#......# #.......#.#....##.#.#..
..§§....# ###.#.+...........#
.≈≈§≈.#.# #)@C#.###.#.#.##...
≈####≈#.# ###.#.......#...##. ##
####(# . ###.######.#......#
#.##.# .. #§≈.#......#.......
#.##.# ...####.#####.#..#.....
####.##.# ..'($#.##....#.....##.
.....##.# #CC#'##.#.#....##...
#######.# ##......#..##....#
........# ######.##.#.###...##..


You could see a frost giant.

Vanquished Creatures
  A juggernaut (Depths:2)
  A pearl dragon (Depths:3)
  A tentacled monstrosity (Depths:2)
  Jorgrun (Orc:2)
  A titan (Depths:2)
  A kraken (Shoals:3)
  Polyphemus (Shoals:2)
  Donald (Shoals:4)
  Kirke (D:15)
  4 frost giants
  2 ghost moths
  An orc warlord (Orc:1)
  4 fire giants
  4 emperor scorpions (Spider:4)
  Aizul (D:15)
  A stone giant (Depths:1)
  An ophan (Depths:3)
  The ghost of Vizxaw the Covert, a journeyman HuAr of Makhleb (Lair:6)
  5 very ugly things
  An apis (Depths:3)
  5 entropy weavers
  9 spark wasps
  A minotaur (Gauntlet)
  5 dire elephants (Lair:6)
  2 merfolk javelineers (Shoals:4)
  Snorg (D:14)
  6 ettins
  3 merfolk impalers
  3 yaktaur captains (Depths:3)
  6 great orbs of eyes
  2 deep elf high priests (Depths:2)
  2 fire dragons
  3 hydras
  Harold (D:7)
  4 rakshasas
  4 alligator snapping turtles
  A boulder beetle (D:15)
  2 ice dragons (Depths:1)
  3 vault guards (D:14)
  3 ogre magi
  An anaconda (Lair:6)
  4 merfolk avatars
  2 satyrs
  5 catoblepae
  2 death knights
  4 merfolk aquamancers
  3 centaur warriors
  9 two-headed ogres
  3 deep troll earth magi
  An alligator (Shoals:3)
  8 death scarabs (Spider:4)
  2 deep troll shamans
  11 death yaks
  4 tengu warriors
  2 hell knights
  2 spriggan berserkers
  8 slime creatures
  A deep elf knight (D:11)
  Nergalle (Orc:1)
  The ghost of Narqulie the Shield-Bearer, a novice HOFi of Okawaru (D:6)
  18 sea snakes
  2 unseen horrors (D:11)
  4 deep trolls
  6 skeletal warriors
  The ghost of Sickboy the Thaumaturge, a novice DECj of Vehumet (D:9)
  A glowing orange brain (Depths:1)
  A golden dragon zombie (Depths:2)
  A spectral hydra (Lair:6)
  A deep elf archer (D:15)
  7 orc knights
  5 spectral wolf spiders (Spider:4)
  7 wizards
  2 phantasmal warriors (D:13)
  5 deep elf pyromancers
  3 necromancers
  2 wolf spider zombies
  30 ugly things
  An orc sorcerer (Orc:2)
  An anaconda skeleton (Volcano)
  31 harpies
  8 fauns
  31 wolf spiders
  14 orb spiders
  12 cyclopes
  16 manticores
  2 moths of wrath (Spider:4)
  14 merfolk sirens
  Joseph (D:10)
  7 black mambas
  6 water nymphs
  13 elephants
  2 torpor snails
  5 gargoyles
  5 cane toads
  5 spectral swamp worms (Depths:3)
  4 spectral redbacks (Spider:4)
  9 komodo dragons
  13 demonic crawlers
  20 yaktaurs
  4 redback zombies (Spider:4)
  3 rime drakes
  2 kobold demonologists
  A yaktaur (shapeshifter) (Depths:2)
  2 freezing wraiths (D:13)
  6 tengu conjurers
  23 merfolk
  A tyrant leech (Gauntlet)
  A merfolk (shapeshifter) (D:15)
  A tengu simulacrum (Depths:2)
  5 hornets
  A meliai (shapeshifter) (D:14)
  5 wind drakes
  37 jumping spiders
  A queen bee (Lair:2)
  10 trolls
  A jumping spider zombie (Spider:4)
  3 spectral jumping spiders (Spider:4)
  8 blink frogs
  7 snapping turtles
  13 dream sheep
  5 spectral tarantellas (Spider:4)
  A spectral dream sheep (Lair:6)
  96 redbacks
  2 flying skulls (Volcano)
  A wyvern (shapeshifter) (Depths:3)
  33 tarantellas
  3 wyverns
  2 wraiths
  4 shadows
  An alligator skeleton (Volcano)
  Sigmund (D:4)
  7 water elementals
  55 yaks
  18 humans (D:14)
  A spectral komodo dragon (Lair:6)
  7 basilisks
  3 hogs (D:15)
  A steam dragon (D:7)
  4 swamp worms (Gauntlet)
  13 vampire mosquitoes
  A spectral cane toad (Lair:6)
  3 wargs
  A hydra simulacrum (Lair:6)
  4 acid dragons (D:11)
  21 water moccasins
  A spectral hornet (Spider:4)
  A hornet zombie (D:15)
  4 ice beasts
  3 black bears
  45 orc warriors
  4 sky beasts
  A black mamba simulacrum (Lair:6)
  11 ogres
  15 wolves
  22 centaurs
  2 phantoms
  8 big kobolds
  A gnoll sergeant (D:9)
  25 bullfrogs
  10 scorpions
  33 killer bees
  19 wights
  9 howler monkeys
  A troll skeleton (Volcano)
  3 spriggan skeletons
  A crimson imp (Depths:1)
  A quasit (D:7)
  A spectral bullfrog (D:6)
  3 bullfrog zombies
  6 centaur zombies
  10 orc priests
  2 centaur skeletons
  8 jellies
  7 hounds
  12 worker ants
  Natasha (thrice) (D:2)
  8 iguanas
  26 orc wizards
  6 hell rats (Lair:4)
  A bullfrog simulacrum (D:6)
  2 hound zombies
  A hound skeleton (D:7)
  8 mummies (Ossuary)
  3 worker ant zombies
  9 gnolls
  15 adders
  2 shadow imps
  9 white imps
  2 oozes
  3 adder skeletons
  2 adder zombies
  3 dart slugs
  8 leopard geckos
  96 orcs
  3 giant cockroaches
  2 gnoll zombies (Ossuary)
  8 goblins
  7 hobgoblins
  11 jackals
  4 quokkas
  3 ball pythons
  18 bats
  7 frilled lizards
  3 hobgoblin zombies (Ossuary)
  A jackal zombie (D:9)
  34 kobolds
  A leopard gecko skeleton (D:5)
  3 orc zombies (Ossuary)
  2 quokka zombies
  6 rats
  4 tentacles (Shoals:3)
1506 creatures vanquished.

Vanquished Creatures (collateral kills)
  A frost giant (Depths:1)
  A cane toad (Lair:6)
  3 slime creatures (D:13)
  3 dream sheep (Lair:6)
8 creatures vanquished.

Vanquished Creatures (others)
  A wizard (D:11)
  A flying skull (Volcano)
  2 humans (D:15)
  An orc (D:15)
  A bush (Lair:6)
  27 fungi
  92 plants
  2 tentacles (Shoals:3)
127 creatures vanquished.

Grand Total: 1641 creatures vanquished

Notes
Turn   | Place    | Note
-------+----------+-------------------------------------------
     0 | D:1      | KristoblXynda the Demonspawn Gladiator began the quest for
                  | the Orb.
     0 | D:1      | Reached XP level 1. HP: 16/16 MP: 1/1
   151 | D:1      | Gained mutation: You are partially covered in sharp spines.
                  | [demonic ancestry]
   151 | D:1      | Reached XP level 2. HP: 22/22 MP: 2/2
   468 | D:1      | Reached XP level 3. HP: 28/28 MP: 3/3
   681 | D:2      | Noticed Natasha
   694 | D:2      | Killed Natasha
   864 | D:2      | Reached XP level 4. HP: 34/34 MP: 4/4
  1162 | D:2      | Found a stormy altar of Qazlal.
  1225 | D:2      | Noticed Natasha
  1234 | D:2      | Killed Natasha
  1249 | D:2      | Noticed a -1 dagger
  1250 | D:2      | Noticed a +0 dagger
  1251 | D:2      | Found a hide-covered altar of Uskayaw.
  1475 | D:2      | Reached XP level 5. HP: 41/41 MP: 5/5
  1567 | D:2      | Found a faded altar of an unknown god.
  1779 | D:2      | Noticed Natasha
  1786 | D:2      | Killed Natasha
  1982 | D:3      | Reached skill level 1 in Armour
  2316 | D:3      | Reached XP level 6. HP: 45/45 MP: 6/6
  2470 | D:3      | Found a runed translucent door.
  2470 | D:3      | Noticed Zero's ghost (amateur KoEn)
  2472 | D:3      | Found a bloodstained altar of Trog.
  2594 | D:3      | Found a shadowy altar of Dithmenos.
  2594 | D:3      | Found a snail-covered altar of Cheibriados.
  2761 | D:3      | Became a worshipper of Cheibriados the Contemplative
  2862 | D:4      | Found a sacrificial altar of Ru.
  3234 | D:4      | Reached skill level 5 in Long Blades
  3544 | D:4      | Noticed Sigmund
  3550 | D:4      | Killed Sigmund
  3551 | D:4      | Reached skill level 1 in Shields
  3551 | D:4      | Gained mutation: You are mostly covered in sharp spines.
                  | [demonic ancestry]
  3551 | D:4      | Reached XP level 7. HP: 50/52 MP: 7/7
  3731 | D:5      | Entered Level 5 of the Dungeon
  3734 | D:5      | Reached * piety under Cheibriados
  3928 | D:5      | Found a shimmering blue altar of Sif Muna.
  4019 | D:5      | Found a hide-covered altar of Uskayaw.
  4382 | D:5      | Reached skill level 5 in Dodging
  4382 | D:5      | Gained mutation: You are completely covered in sharp
                  | spines. [demonic ancestry]
  4382 | D:5      | Reached XP level 8. HP: 30/58 MP: 8/8
  4651 | D:5      | Found a hazy altar of Hepliaklqana.
  4849 | D:6      | Found an ornate altar of the Wu Jian Council.
  4909 | D:6      | Found a runed translucent gate.
  4911 | D:6      | Found a runed translucent gate.
  4912 | D:6      | Found a runed translucent gate.
  4912 | D:6      | Noticed Narqulie's ghost (novice HOFi)
  4937 | D:6      | Reached ** piety under Cheibriados
  5427 | D:6      | Found a broken altar of Ashenzari.
  5427 | D:6      | Noticed an oklob plant
  6111 | D:6      | Gained mutation: You have sharp fingernails. [demonic
                  | ancestry]
  6111 | D:6      | Reached XP level 9. HP: 63/63 MP: 9/9
  6364 | D:6      | Killed Narqulie's ghost
  6365 | D:6      | Reached skill level 5 in Armour
  6370 | D:6      | Reached *** piety under Cheibriados
  6565 | D:7      | Noticed Harold
  6567 | D:7      | Found a sand-covered staircase.
  6573 | D:7      | Reached skill level 1 in Invocations
  6584 | D:7      | Killed Harold
  6613 | Ossuary  | Entered an ossuary
  7204 | D:7      | Reached **** piety under Cheibriados
  7209 | D:7      | Reached XP level 10. HP: 65/73 MP: 12/12
  7384 | D:7      | Found a staircase to the Ecumenical Temple.
  7391 | Temple   | Entered the Ecumenical Temple
  7742 | D:8      | Noticed a two-headed ogre
  7747 | D:8      | Killed a two-headed ogre
  7748 | D:8      | Reached skill level 5 in Fighting
  7752 | D:8      | Reached skill level 5 in Invocations
  7752 | D:8      | Noticed a two-headed ogre
  7761 | D:8      | Killed a two-headed ogre
  7943 | D:8      | Reached ***** piety under Cheibriados
  8511 | D:9      | Found a runed translucent gate.
  8511 | D:9      | Found a runed translucent gate.
  8511 | D:9      | Found a runed translucent gate.
  8513 | D:9      | Found a viscous altar of Jiyva.
  8553 | D:9      | Got a twisted plate armour
  8670 | D:9      | Identified the +6 plate armour "Othaa" {Str+4 Dex+3} (You
                  | found it on level 9 of the Dungeon)
  8857 | D:9      | Gained mutation: You have very sharp fingernails. [demonic
                  | ancestry]
  8857 | D:9      | Reached XP level 11. HP: 81/81 MP: 15/15
  9092 | D:9      | Noticed a deep elf pyromancer
  9097 | D:9      | Killed a deep elf pyromancer
  9290 | D:9      | Noticed Sickboy's ghost (novice DECj)
  9306 | D:9      | HP: 4/82 [very large slime creature (45)]
  9318 | D:9      | Killed Sickboy's ghost
  9639 | D:10     | Entered Level 10 of the Dungeon
  9691 | D:10     | Found a staircase to the Orcish Mines.
  9994 | D:10     | Noticed a two-headed ogre
 10001 | D:10     | Killed a two-headed ogre
 10007 | D:10     | Reached ****** piety under Cheibriados
 10517 | D:10     | Noticed Joseph
 10525 | D:10     | Killed Joseph
 10706 | D:11     | Found a staircase to the Lair.
 10726 | D:11     | Identified the ring "Reisch Epigg" {rN+ Stlth-}
 10726 | D:11     | Noticed a centaur warrior
 10736 | D:11     | Killed a centaur warrior
 10738 | D:11     | Noticed an orc knight
 10738 | D:11     | Noticed a deep elf pyromancer
 10743 | D:11     | Killed a deep elf pyromancer
 10743 | D:11     | Noticed a death knight
 10853 | D:11     | Noticed a deep elf knight
 10861 | D:11     | Killed a deep elf knight
 10862 | D:11     | Reached skill level 1 in Evocations
 10865 | D:11     | Gained mutation: You regenerate a little health from kills.
                  | [demonic ancestry]
 10865 | D:11     | Reached XP level 12. HP: 24/91 MP: 18/18
 11528 | D:11     | Killed a death knight
 11529 | D:11     | Reached skill level 10 in Long Blades
 11768 | D:11     | Identified the ring of Senoph {Str+7 Int+6}
 11961 | D:11     | Reached skill level 10 in Invocations
 12463 | D:11     | Noticed a two-headed ogre
 12469 | D:11     | Killed a two-headed ogre
 12686 | D:11     | Reached skill level 10 in Dodging
 12702 | D:11     | Reached skill level 5 in Evocations
 12702 | D:11     | Reached XP level 13. HP: 66/96 MP: 20/20
 12737 | D:11     | Got a distressingly furry plate armour
 12762 | D:11     | Identified the +1 plate armour of Zigogrie {+Blink Str-4
                  | Dex+10} (You found it on level 11 of the Dungeon)
 13079 | D:12     | Found a portal to a secret trove of treasure.
 13301 | D:12     | Found a shimmering altar of Xom.
 13307 | D:12     | Found a shimmering altar of Xom.
 13307 | D:12     | Found a shimmering altar of Xom.
 14460 | Lair:1   | Entered Level 1 of the Lair of Beasts
 15319 | Lair:2   | Found a staircase to the Shoals.
 15335 | Lair:2   | Reached skill level 10 in Armour
 16439 | Lair:3   | Found a hole to the Spider Nest.
 17905 | Lair:4   | Reached XP level 14. HP: 103/103 MP: 21/21
 18354 | Lair:5   | Found a viscous altar of Jiyva.
 18628 | Lair:5   | Found a staircase to the Slime Pits.
 19006 | Lair:6   | Entered Level 6 of the Lair of Beasts
 19037 | Lair:6   | Found a runed translucent gate.
 19037 | Lair:6   | Found a runed translucent gate.
 19037 | Lair:6   | Found a runed translucent gate.
 19075 | Lair:6   | Noticed Vizxaw's ghost (journeyman HuAr)
 19731 | Lair:6   | Killed Vizxaw's ghost
 21450 | D:13     | Gained mutation: Your movements are slightly less
                  | encumbered by armour. (ER -2) [demonic ancestry]
 21450 | D:13     | Reached XP level 15. HP: 107/108 MP: 22/22
 22182 | D:13     | Got a crude buckler
 22193 | D:13     | Identified the -1 buckler "Dyihipua" {Will- Str+4 Int+4}
                  | (You found it on level 13 of the Dungeon)
 22198 | D:14     | Found a gate leading to a gauntlet.
 22214 | Gauntlet | Entered a Gauntlet
 22214 | Gauntlet | Found a transporter.
 22217 | Gauntlet | Found a transporter.
 22230 | Gauntlet | Found a transporter.
 22234 | Gauntlet | Found a transporter.
 22252 | Gauntlet | Found a transporter.
 22265 | Gauntlet | Found a transporter.
 22270 | Gauntlet | Found a transporter.
 22274 | Gauntlet | Found a transporter.
 22302 | Gauntlet | Found a transporter.
 22303 | Gauntlet | Found a transporter.
 22307 | Gauntlet | Found a transporter.
 22318 | Gauntlet | Found the +0 pair of fencer's gloves {Riposte Dex+3}
 22318 | Gauntlet | Found a transporter.
 22391 | Gauntlet | Got a coiled amber ring
 22435 | Gauntlet | Identified the ring "Jantuklu" {Fire rN++} (You found it in
                  | a Gauntlet)
 22440 | Gauntlet | Identified the ring "Enoleinn" {Int+2 Stlth+}
 22850 | D:14     | Reached skill level 10 in Evocations
 22973 | D:14     | Found a gate to the Vaults.
 22985 | D:14     | Reached skill level 5 in Shields
 23761 | D:14     | Noticed Snorg
 23767 | D:14     | Killed Snorg
 23871 | D:15     | Entered Level 15 of the Dungeon
 23987 | D:15     | Learned a level 2 spell: Wereblood
 24019 | D:15     | Noticed Kirke
 24145 | D:15     | Reached skill level 1 in Transmutations
 24301 | D:15     | Killed Kirke
 24359 | D:15     | Reached XP level 16. HP: 120/120 MP: 23/23
 24403 | D:15     | Paralysed by an ogre mage for 4 turns
 24711 | D:15     | Found a staircase to the Depths.
 24931 | Depths:1 | Entered Level 1 of the Depths
 24931 | Depths:1 | Noticed Aizul
 24951 | D:15     | HP: 2/120 [Aizul/bolt of poison (13)]
 24953 | D:15     | Killed Aizul
 25637 | Orc:1    | Entered Level 1 of the Orcish Mines
 25637 | Orc:1    | Found a dark tunnel.
 25637 | Orc:1    | Noticed Nergalle
 25640 | Orc:1    | Killed Nergalle
 25651 | Volcano  | Entered a volcano
 25998 | Orc:1    | Found a roughly hewn altar of Beogh.
 26182 | Orc:2    | Entered Level 2 of the Orcish Mines
 26182 | Orc:2    | Found a staircase to the Elven Halls.
 26298 | Orc:2    | Noticed Jorgrun
 26308 | Orc:2    | Killed Jorgrun
 26344 | Orc:2    | Reached skill level 10 in Fighting
 26391 | Orc:2    | Found Luqin's Weapon Emporium.
 26391 | Orc:2    | Found Dus Jis's Book Shop.
 26393 | Orc:2    | Found Vusotix's Armour Boutique.
 26395 | Orc:2    | Found Ituhir's Jewellery Shoppe.
 26443 | Orc:2    | Bought a cursed amulet of inaccuracy for 30 gold pieces
 26462 | Orc:2    | Bought the +6 buckler of Ysij {Dex+2} for 731 gold pieces
 26612 | Orc:2    | Found a radiant altar of Vehumet.
 27707 | Spider:1 | Entered Level 1 of the Spider Nest
 27744 | Spider:1 | Reached skill level 5 in Transmutations
 28974 | Spider:2 | Gained mutation: You regenerate health from kills. [demonic
                  | ancestry]
 28974 | Spider:2 | Reached XP level 17. HP: 128/128 MP: 24/24
 30448 | Spider:4 | Entered Level 4 of the Spider Nest
 30769 | Spider:4 | Reached skill level 15 in Long Blades
 31341 | Spider:4 | Gained mutation: You have claws for hands. [demonic
                  | ancestry]
 31341 | Spider:4 | Reached XP level 18. HP: 130/134 MP: 25/25
 31386 | Spider:4 | Got a gossamer rune of Zot
 32151 | Shoals:1 | Entered Level 1 of the Shoals
 32157 | Shoals:1 | Reached skill level 15 in Armour
 33319 | Shoals:2 | Reached skill level 10 in Transmutations
 33327 | Shoals:2 | Noticed Polyphemus
 33356 | Shoals:2 | Killed Polyphemus
 33585 | Shoals:2 | Learned a level 4 spell: Petrify
 34277 | Shoals:2 | Identified a scroll of acquirement
 34277 | Shoals:2 | Acquired the +1 cloak of Faneol {Dex+3 Slay+3}
 35778 | Shoals:4 | Entered Level 4 of the Shoals
 36056 | Shoals:4 | Noticed Donald
 36075 | Shoals:4 | Killed Donald
 36076 | Shoals:4 | Reached XP level 19. HP: 82/140 MP: 26/26
 36458 | Shoals:4 | Got a barnacled rune of Zot
 37242 | Depths:1 | Paralysed by a great orb of eyes for 7 turns
 37279 | Depths:1 | You are sucked into a shaft and drop 1 floor!
 37582 | Depths:2 | You are sucked into a shaft and drop 1 floor!
 38356 | Depths:3 | Found a gateway to Hell.
 38467 | Depths:3 | Found a one-way gate leading to the halls of Pandemonium.
 38484 | Depths:3 | Found a gateway to a ziggurat.
 38570 | Depths:3 | Paralysed by a great orb of eyes for 3 turns
 38628 | Depths:3 | Noticed a pearl dragon
 39010 | Depths:3 | Found a white marble altar of Elyvilon.
 39010 | Depths:3 | Found a glowing golden altar of the Shining One.
 39010 | Depths:3 | Found a glowing silver altar of Zin.
 39104 | Depths:3 | Killed a pearl dragon
 39736 | Depths:2 | Noticed a juggernaut
 39759 | Depths:2 | Killed a juggernaut
 40120 | Depths:2 | Identified Ovysueha's Guide on Vitriolic Displacement
 40158 | Depths:2 | Found Wierch's Gadget Shop.
 40160 | Depths:2 | Found Lieng's Jewellery Shoppe.
 40161 | Depths:2 | Found Patyab's Gadget Shop.
 40278 | Depths:2 | Reached XP level 20. HP: 147/147 MP: 27/27
 40681 | Depths:1 | Found a one-way gate to the infinite horrors of the Abyss.
 41025 | Depths:1 | Found a runed translucent door.
 42352 | Depths:1 | Killed from afar by a frost giant

Illustrated notes

Levels and vault maps discovered:
D:1:      scummos_arrival_checkerplants, layout_basic, st_stairs_11
D:2:      layout_basic, dancing_weapons_uskayaw, grunt_qazlal_sundering,
          chequers_ecumenical_altar_simple_redux, minmay_heptomino_h4,
          uniq_natasha
D:3:      layout_basic, gammafunk_temple_overflow_wave,
          nicolae_overflow_hidden_temple, hellmonk_ghost_happy_afterlife
D:4:      layout_basic, nicolae_overflow_crystal_walls, uniq_sigmund
D:5:      layout_basic, nzn_hepliaklqana_mist_gate, lemuel_blue_sif_altar,
          basic_altar, minmay_lizard_king
D:6:      layout_basic, nzn_wu_jian_contemplation, gammafunk_ghost_necromancy,
          lemuel_oklob_altar
D:7:      layout_rooms, temple_doors_e, chequers_ossuary_entry_cave, uniq_harold
D:8:      layout_cave_pools
D:9:      layout_basic, gammafunk_ghost_ooze, guppyfry_early_elven_hall
D:10:     layout_basic, orc_0_dummy, uniq_joseph
D:11:     minmay_the_grid_square_5x5_5x5
          [minmay_the_grid_square_5x5_intrusive_squares,
          minmay_the_grid_square_5x5_hourglass, minmay_the_grid_square_5x5_mess,
          minmay_the_grid_square_5x5_two_walls_b,
          minmay_the_grid_square_5x5_minivault,
          minmay_the_grid_square_5x5_half_checkered,
          minmay_the_grid_square_5x5_prize_itemx,
          minmay_the_grid_square_5x5_percent,
          minmay_the_grid_square_5x5_prize_open,
          minmay_the_grid_square_5x5_minimal,
          minmay_the_grid_square_5x5_moneybag, minmay_the_grid_square_5x5_z,
          minmay_the_grid_square_5x5_prize_gold,
          minmay_the_grid_square_5x5_tri_point,
          minmay_the_grid_square_5x5_empty,
          minmay_the_grid_square_5x5_misaligned,
          minmay_the_grid_square_5x5_prize_snowflake,
          minmay_the_grid_square_5x5_bite,
          minmay_the_grid_square_5x5_prize_open,
          minmay_the_grid_square_5x5_shrine1,
          minmay_the_grid_square_5x5_two_walls_a,
          minmay_the_grid_square_5x5_checkered_statues,
          minmay_the_grid_square_5x5_fat_x, minmay_the_grid_square_5x5_spiral,
          minmay_the_grid_square_5x5_one_wall], layout_gridville, minivault_12
D:12:     layout_cave_pods, enter_trove_6, xom_shifter_show
D:13:     layout_rooms
D:14:     layout_basic, grunt_vaults_entry_tiered, gauntlet_entry_generic,
          uniq_snorg
D:15:     hangedman_depths_entry_civil_slaughter, layout_small_grid,
          roderic_lattice_octagonal_star, uniq_kirke
Temple:   cyrus_circular_temple
Lair:1:   layout_small_grid
Lair:2:   layout_roguey [special_room_bee], elwin_shoals_entry_rocks,
          grunt_megastairs_1
Lair:3:   layout_cave_pods, nicolae_spider_entry_orb_guardian
Lair:4:   layout_cave_pods
Lair:5:   layout_hall_layers, slime_altar_1, lemuel_fruit_tree
Lair:6:   due_jungle_book, layout_regular_city, gammafunk_ghost_necromancy
Shoals:1: cheibrodos_shoals_roost, layout_shoals
Shoals:2: cheibrodos_shoals_baths, layout_shoals, uniq_polyphemus
Shoals:3: layout_shoals, nicolae_shoals_siren_and_animal_friends
Shoals:4: shoals_end_hangedman, layout_shoals, nzn_prometheus_bound, uniq_donald
Spider:1: layout_spider_delve, nicolae_spider_webbed_stairs
Spider:2: layout_spider_delve
Spider:3: layout_spider_delve
Spider:4: floodkiller_spider_rune_tomb
Orc:1:    layout_caves, nicolae_volcano_entry_hallway, basic_altar,
          mines2_lemuel, uniq_nergalle
Orc:2:    st_orc_rangers, layout_caves, basic_altar, uniq_jorgrun
Depths:1: layout_basic, hangedman_geh_valley, serial_sigils,
          serial_sigils_hangedman_writhe, serial_sigils_hangedman_snap,
          serial_sigils_hangedman_shear, serial_sigils_hangedman_quiver,
          serial_sigils_hangedman_gnaw, abyss_entry, st_stairs_5, minivault_16,
          lightli_giant_bouncers, uniq_aizul
Depths:2: minmay_octo_star, layout_honeycomb, minmay_misc_feat_alley,
          grunt_hell_entry_dis_old, minmay_shop_grove, infiniplex_staircase_x
Depths:3: minmay_inner_zag, layout_cave_pools, enter_ziggurat_a, pan_entry,
          minmay_misc_feat_chi, pf_hell_entry_tar_river, hallowed_hall

Skill      XL: |  1  2  3  4  5  6  7  8  9 10 11 12 13 14 15 16 17 18 19 |
---------------+----------------------------------------------------------+-----
Throwing       | 2 |  2.0
Long Blades    | 3 4 5 6 7 8 9 10 11 12 13 14 15 16 17 | 17.6
Dodging        | 3 4 5 6 7 9 10 11 12 | 12.7
Fighting       | 3 4 6 7 9 10 | 10.0
Armour         | 1 2 3 4 5 7 8 9 10 11 12 13 14 16 17 | 17.2
Shields        | 1 2 4 5 |  5.6
Invocations    | 3 6 8 10 | 10.8
Evocations     | 1 5 7 9 10 | 10.0
Transmutations | 2 6 9 11 12 | 12.9

Action                   |  1- 3 |  4- 6 |  7- 9 | 10-12 | 13-15 | 16-18 | 19-21 || total
-------------------------+-------+-------+-------+-------+-------+-------+-------++-------
Melee: Long sword        |    72 |   142 |    84 |       |       |       |       ||   298
       Scimitar          |       |       |   128 |   465 |   928 |  1300 |   600 ||  3421
Invok: Bend Time         |       |       |       |     1 |       |       |       ||     1
       Step From Time    |       |       |       |       |       |       |     1 ||     1
       Slouch            |       |       |       |       |       |       |     1 ||     1
Evoke: Wand              |       |       |       |     3 |       |     8 |     2 ||    13
       Box of beasts     |       |       |       |       |     1 |       |     2 ||     3
       Condenser vane    |       |       |       |       |       |     1 |       ||     1
       Phantom mirror    |       |       |       |       |       |       |     1 ||     1
  Use: Potion            |     2 |       |     2 |     4 |     4 |     8 |     4 ||    24
       Scroll            |       |       |    10 |    16 |    21 |     7 |     6 ||    60
 Stab: Sleeping          |       |     2 |       |       |       |       |       ||     2
       Petrifying        |       |       |       |       |     1 |       |       ||     1
       Petrified         |       |       |       |       |     1 |       |       ||     1
       Paralysed         |       |       |       |       |       |     1 |       ||     1
Armor: Leather armour    |    29 |    29 |       |       |       |       |       ||    58
       Ring mail         |       |     7 |    29 |       |       |       |       ||    36
       Skin              |       |       |    16 |       |       |       |       ||    16
       Scale mail        |       |       |    14 |    26 |       |       |       ||    40
       Plate armour      |       |       |       |    89 |   297 |   372 |   151 ||   909
Dodge: Dodged            |    60 |   101 |   109 |   326 |   833 |  1297 |   452 ||  3178
Block: Buckler           |       |     1 |    61 |   178 |   346 |  1009 |   355 ||  1950
       Rpst.: Long sword |    22 |    41 |    16 |       |       |       |       ||    79
       Scimitar          |       |       |    21 |    84 |   286 |   414 |    61 ||   866

Table legend: (Time is in decaauts)
 A = Elapsed time spent in this place.
 B = Non-inter-level travel time spent in this place.
 C = Inter-level travel time spent in this place.
 D = Time resting spent in this place.
 E = Time spent auto-exploring this place.
 F = Levels seen in this place.
 G = Mean time per level.
                   A        B        C        D        E       F      G
               +--------+--------+--------+--------+--------+-----+--------+
         Total |  61805 |  57142 |   4663 |  11671 |  33915 |  38 | 1626.4 |
       Dungeon |  24137 |  22508 |   1629 |   5724 |  12708 |  15 | 1609.1 |
        Temple |     94 |     77 |     17 |      0 |     75 |   1 |   94.0 |
          Lair |  12420 |  10556 |   1864 |   1601 |   7299 |   6 | 2070.0 |
        Shoals |   7484 |   7128 |    356 |   1233 |   3886 |   4 | 1871.0 |
   Spider Nest |   6249 |   5852 |    397 |    590 |   3927 |   4 | 1562.2 |
  Orcish Mines |   2631 |   2428 |    203 |    193 |   1697 |   2 | 1315.5 |
        Depths |   7274 |   7078 |    196 |   1929 |   3957 |   3 | 2424.7 |
       Ossuary |    532 |    532 |      0 |    295 |    114 |   1 |  532.0 |
       Volcano |    457 |    457 |      0 |     49 |     44 |   1 |  457.0 |
      Gauntlet |    521 |    521 |      0 |     57 |    206 |   1 |  521.0 |
               +--------+--------+--------+--------+--------+-----+--------+

Top non-repeatable levels by time:
    D:11: 3489 daAuts
  Lair:6: 3196 daAuts
Depths:1: 2605 daAuts
Depths:2: 2341 daAuts
Depths:3: 2327 daAuts
  Lair:1: 2242 daAuts
  Lair:3: 2190 daAuts
    D:15: 2177 daAuts
    D:12: 2129 daAuts
     D:6: 2110 daAuts
Shoals:2: 1915 daAuts
     D:9: 1911 daAuts
Shoals:3: 1886 daAuts
    D:10: 1879 daAuts
Shoals:1: 1873 daAuts
